 Dungeon Sprint DCSS version 0.31.0-32-g396128a36d (webtiles) character file.

Game seed: 12947868343043100941

14100000 Groucho the Intangible (level 27, -46/228 HPs)
             Began as a Djinni Warper on Mar 24, 2024.
             Was the Champion of Makhleb.
             Annihilated by a meat berserker
             ... wielding a +9 battleaxe
              (85 damage)
             ... in the Dungeon (Sprint VIII: "Arena of Blood").
             The game lasted 00:11:05 (141 turns).

Groucho the Intangible (Djinni Warper)               Turns: 141, Time: 00:11:05

Health: -46/228    AC:  6    Str: 10    XL:     27
Gold:   0          EV: 30    Int: 23    God:    Makhleb [******] SH:  0 Dex: 19

rFire   + + .        i - +∞ Axe of Woe
rCold   x . .        (shield currently unavailable)
rNeg    . . .        b - +0 leather armour
rPois   ∞            (no helmet)
rElec   .            (no cloak)
rCorr   .            (no gloves)
SInv    +            (boots unavailable)
Will    ++...        (no amulet)
Stlth   ++++++++++   j - ring of see invisible
HPRegen 0.58/turn    (no ring)
MPRegen 0.00/turn

%: no teleportation, infuse magic (-47 HP)
@: flying, slowed, very slow
A: sickness immunity, fire resistance 2, cold vulnerability 1, float, innate
caster, HP casting, extra vitality 1
a: Renounce Religion, Minor Destruction, Lesser Servant of Makhleb, Major
Destruction, Greater Servant of Makhleb


You were in the Dungeon.
You worshipped Makhleb.
Makhleb was exalted by your worship.
You visited 1 branch

Inventory:

Hand Weapons
 a - a +0 hand axe
 i - the +∞ Axe of Woe (weapon)
   (You found it in the Dungeon)
Missiles
 d - 7 darts of dispersal
Armour
 b - a +0 leather armour (worn)
Jewellery
 j - a ring of see invisible (left hand)
 k - a +200 ring of slaying
 l - a +200 ring of slaying
 m - a +200 ring of slaying
Scrolls
 c - a scroll of blinking
Potions
 e - a potion of curing
 f - a potion of heal wounds
 g - a potion of haste
 h - a potion of berserk rage


   Skills:
 O Level 27 Fighting
 O Level 27 Short Blades
 O Level 27 Long Blades
 O Level 27 Axes
 O Level 27 Maces & Flails
 O Level 27 Polearms
 O Level 27 Staves
 O Level 27 Ranged Weapons
 O Level 27 Throwing
 O Level 27 Armour
 O Level 27 Dodging
 O Level 27 Stealth
 O Level 27 Shields
 O Level 27 Unarmed Combat
 O Level 27 Spellcasting
 O Level 27 Conjurations
 O Level 27 Hexes
   Level 0.0 Charms
 O Level 27 Summonings
 O Level 27 Necromancy
 O Level 27 Translocations
   Level 0.0 Transmutations
 O Level 27 Fire Magic
 O Level 27 Ice Magic
 O Level 27 Air Magic
 O Level 27 Earth Magic
 O Level 27 Alchemy
 O Level 27 Invocations
 O Level 27 Evocations
 O Level 27 Shapeshifting


You knew the following spells:

 Your Spells              Type           Power      Damage    Failure   Level
a - Blink                 Tloc           100%       N/A       0%          2
b - Lesser Beckoning      Tloc           100%       N/A       0%          2
c - Teleport Other        Tloc           100%       N/A       0%          3
d - Manifold Assault      Tloc           100%       N/A       0%          4
e - Vhi's Electric Charg  Tloc/Air       100%       N/A       0%          4
f - Slow                  Hex            100%       N/A       0%          1
g - Momentum Strike       Conj/Tloc      100%       3d10      0%          2
h - Fugue of the Fallen   Necr           100%       N/A       0%          3
i - Iskenderun's Mystic   Conj/Tloc      100%       2d19      0%          4
j - Animate Armour        Summ/Erth      100%       N/A       0%          4
k - Borgnjor's Vile Clut  Necr/Erth      50%        N/A       0%          5
l - Summon Cactus Giant   Summ           50%        N/A       0%          6
m - Conjure Ball Lightni  Conj/Air       50%        3x3d17    0%          6
n - Sculpt Simulacrum     Ice/Alch       50%        N/A       0%          6
o - Lehudib's Crystal Sp  Conj/Erth      50%        10d12     1%          8
p - Spellforged Servitor  Conj/Summ      50%        N/A       0%          7
q - Borgnjor's Revivific  Necr           50%        N/A       1%          8
r - Shatter               Erth           50%        3d38*     1%          9
Your spell library was empty.

Dungeon Overview and Level Annotations

Branches:
Dungeon (1/1)

Altars:
Makhleb


Innate Abilities, Weirdness & Mutations

You are immune to sickness and miasma.
You are immune to poison.
Your flesh is very heat resistant. (rF++)
You are vulnerable to cold. (rC-)
You float through the air rather than walking.
You learn spells naturally, not from books.
Your magical power is your life essence.
You have superior vitality. (+4 MHP)


Message History

You hit the destroyer.
You slaughter the destroyer joyfully.
You destroy the destroyer!
Makhleb accepts your kill.
You feel better.
You slice the meat berserker!!
You fatally mangle the meat berserker.
You kill the meat berserker!
Makhleb accepts your kill.
You feel better.
You hear a shout! x2
The fleshlord casts a spell at you.
You barely resist.
A fleshlord comes into view. It is wielding a +9 great mace.
A dread comes into view.
The tyrant is engulfed in blazing flames.
A large bag of meat comes into view. It is wielding a +9 giant spiked club.
A sculptor of flesh comes into view. It is wielding a +9 great sword.
An eight-headed meat hydra comes into view.
The meat berserker hits you with a +9 battleaxe!!
The fleshlord points at you and mumbles some strange words.
You feel as though you will be slow longer.
The destroyer gestures at you while chanting.
The destroyer blinks!
Unknown command.
Unknown command.
You slash the meat berserker!
You dissect the meat berserker like a pig carcass.
You kill the meat berserker!
Makhleb accepts your kill.
The meat beast appears out of thin air!
A meat beast comes into view.
A bag of meat comes into view. It is wielding a +9 war axe.
The eight-headed meat hydra calls on the powers of darkness!
The eight-headed meat hydra convulses!
The large bag of meat convulses!
Flame seeps out of the large bag of meat.
The bag of meat convulses!
The fleshlord convulses!
The bag of meat convulses!
Your body is wracked with pain!
* * * LOW HITPOINT WARNING * * *
A destroyer comes into view. It is wielding a +9 heavy great sword.
The meat berserker hits you with a +9 battleaxe!!!!
You die... zD

.o V° .) #O. ..#
#)☼. ..# .)..###°o)
..###.
..))..)))###W.....
.#).....p2§O..W...
...)...#o)@p)# .†)
...).).#_§o)_#.)).
#☼))W)))#W§...#)...
o)#.oV)o).._..W....
§...o..Vo)###......
....)###))..)).###)
....)..#.p)))..#.))
......)#).)))†.#.))
......)))).))..))))


You could see a meat beast (wandering, fast), an eight-headed meat hydra, 2
destroyers, 3 fleshlords, a sculptor of flesh, a large bag of meat (inner
flame), 3 dreads, a meat berserker (berserk), a wretched soul (invisible) and 6
bags of meat.

Vanquished Creatures
  7 hell knights (D)
  8 hell beasts (D)
  Edmund (D)
  8 royal mummies (D)
  15 wraiths (D)
  6 great orbs of eyes (D)
  Harold (D)
  24 vampire knights (D)
  45 ogres (D)
  10 two-headed ogres (D)
  16 liches (D)
  6 hydras (D)
  11 phantoms (D)
  97 orcs (D)
  9 skeletal warriors (D)
  2 sea snakes (D)
266 creatures vanquished.

Vanquished Creatures (others)
  An ogre (D)
1 creature vanquished.

Grand Total: 267 creatures vanquished

Notes
Turn   | Place    | Note
-------+----------+-------------------------------------------
     0 | D        | Found the +∞ Axe of Woe
     0 | D        | Groucho the Djinni Warper began the quest for the Orb.
     0 | D        | Groucho set off with the following spells memorised: Blink,
                  | Lesser Beckoning, Teleport Other, Manifold Assault, Vhi's
                  | Electric Charge.
     0 | D        | Reached XP level 1. HP: 18/18 MP: 0/0
     3 | D        | Noticed a bag of meat
     4 | D        | Became a worshipper of Makhleb the Destroyer
     5 | D        | Noticed a bag of meat
     6 | D        | Noticed a bag of meat
     6 | D        | Noticed a meat berserker
     7 | D        | Killed a bag of meat
     7 | D        | Noticed a meat berserker
     7 | D        | Noticed a bag of meat
     8 | D        | Reached XP level 2. HP: 23/23 MP: 0/0
     8 | D        | Reached XP level 3. HP: 28/28 MP: 0/0
     8 | D        | Learned a level 1 spell: Slow
     8 | D        | Reached XP level 4. HP: 33/33 MP: 0/0
     8 | D        | Reached XP level 5. HP: 38/38 MP: 0/0
     8 | D        | Learned a level 2 spell: Momentum Strike
     8 | D        | Reached XP level 6. HP: 43/43 MP: 0/0
     8 | D        | Reached XP level 7. HP: 49/49 MP: 0/0
     8 | D        | Learned a level 3 spell: Fugue of the Fallen
     8 | D        | Reached XP level 8. HP: 54/54 MP: 0/0
     8 | D        | Reached XP level 9. HP: 58/58 MP: 0/0
     8 | D        | Learned a level 4 spell: Iskenderun's Mystic Blast
     8 | D        | Reached XP level 10. HP: 64/64 MP: 0/0
     8 | D        | Reached XP level 11. HP: 68/68 MP: 0/0
     8 | D        | Learned a level 4 spell: Animate Armour
     8 | D        | Noticed a bag of meat
     8 | D        | Noticed a bag of meat
     8 | D        | Noticed a bag of meat
     8 | D        | Noticed a bag of meat
     9 | D        | Noticed a bag of meat
    10 | D        | Noticed a bag of meat
    11 | D        | Killed a meat berserker
    11 | D        | Reached * piety under Makhleb
    11 | D        | Noticed a meat berserker
    11 | D        | Noticed a meat berserker
    12 | D        | Reached XP level 12. HP: 19/74 MP: 0/0
    12 | D        | Reached XP level 13. HP: 20/78 MP: 0/0
    12 | D        | Learned a level 5 spell: Borgnjor's Vile Clutch
    12 | D        | Noticed a meat berserker
    12 | D        | Killed a bag of meat
    12 | D        | Killed a meat berserker
    12 | D        | Noticed a bag of meat
    13 | D        | Reached XP level 14. HP: 22/85 MP: 0/0
    13 | D        | Killed a bag of meat
    13 | D        | Reached ** piety under Makhleb
    13 | D        | Killed a meat berserker
    13 | D        | Killed a meat berserker
    14 | D        | Reached skill level 27 in Dodging
    14 | D        | Reached XP level 15. HP: 57/89 MP: 0/0
    14 | D        | Learned a level 6 spell: Summon Cactus Giant
    14 | D        | Reached *** piety under Makhleb
    15 | D        | Reached XP level 16. HP: 94/94 MP: 0/0
    15 | D        | Noticed a meat berserker
    16 | D        | Reached **** piety under Makhleb
    16 | D        | Killed a meat berserker
    16 | D        | Noticed a meat berserker
    17 | D        | Reached skill level 27 in Axes
    17 | D        | Reached XP level 17. HP: 99/99 MP: 0/0
    17 | D        | Learned a level 6 spell: Conjure Ball Lightning
    18 | D        | Reached ***** piety under Makhleb
    18 | D        | Noticed a meat berserker
    19 | D        | Reached skill level 27 in Spellcasting
    19 | D        | Reached skill level 27 in Conjurations
    19 | D        | Reached skill level 27 in Hexes
    19 | D        | Reached skill level 27 in Summonings
    19 | D        | Reached skill level 27 in Necromancy
    19 | D        | Reached skill level 27 in Translocations
    19 | D        | Reached skill level 27 in Fire Magic
    19 | D        | Reached skill level 27 in Ice Magic
    19 | D        | Reached skill level 27 in Air Magic
    19 | D        | Reached skill level 27 in Earth Magic
    19 | D        | Reached skill level 27 in Alchemy
    19 | D        | Killed a meat berserker
    19 | D        | Killed a meat berserker
    19 | D        | Noticed a meat berserker
    20 | D        | Reached skill level 15 in Fighting
    20 | D        | Reached skill level 15 in Invocations
    20 | D        | Reached XP level 18. HP: 139/139 MP: 0/0
    22 | D        | Noticed a large bag of meat
    23 | D        | Reached ****** piety under Makhleb
    23 | D        | Killed a meat berserker
    23 | D        | Noticed a large bag of meat
    23 | D        | Noticed a destroyer
    24 | D        | Reached XP level 19. HP: 157/157 MP: 0/0
    24 | D        | Learned a level 6 spell: Sculpt Simulacrum
    24 | D        | Noticed a destroyer
    26 | D        | Noticed a meat berserker
    26 | D        | Noticed a meat berserker
    27 | D        | Killed a meat berserker
    28 | D        | Reached XP level 20. HP: 175/175 MP: 0/0
    28 | D        | Noticed a large bag of meat
    28 | D        | Killed a meat berserker
    29 | D        | Killed a large bag of meat
    29 | D        | Noticed a meat berserker
    29 | D        | Noticed a large bag of meat
    29 | D        | Noticed a meat berserker
    30 | D        | Reached skill level 27 in Fighting
    30 | D        | Reached skill level 27 in Invocations
    30 | D        | Reached XP level 21. HP: 182/187 MP: 0/0
    30 | D        | Learned a level 8 spell: Lehudib's Crystal Spear
    30 | D        | Killed a large bag of meat
    30 | D        | Killed a meat berserker
    30 | D        | Noticed a meat berserker
    31 | D        | Reached skill level 27 in Stealth
    31 | D        | Killed a destroyer
    31 | D        | Killed a destroyer
    31 | D        | Noticed a destroyer
    31 | D        | Noticed a large bag of meat
    31 | D        | Noticed an eight-headed meat hydra
    32 | D        | Reached XP level 22. HP: 194/194 MP: 0/0
    32 | D        | Killed a large bag of meat
    33 | D        | Reached skill level 27 in Armour
    33 | D        | Reached skill level 27 in Unarmed Combat
    33 | D        | Reached skill level 1 in Short Blades
    33 | D        | Reached skill level 1 in Long Blades
    33 | D        | Reached skill level 1 in Maces & Flails
    33 | D        | Reached skill level 1 in Polearms
    33 | D        | Reached skill level 1 in Staves
    33 | D        | Reached skill level 1 in Ranged Weapons
    33 | D        | Reached skill level 1 in Throwing
    33 | D        | Reached skill level 1 in Shields
    33 | D        | Reached skill level 1 in Evocations
    33 | D        | Reached skill level 1 in Shapeshifting
    34 | D        | Killed a destroyer
    34 | D        | Killed a meat berserker
    34 | D        | Killed a meat berserker
    34 | D        | Noticed a meat berserker
    34 | D        | Noticed a destroyer
    35 | D        | Reached XP level 23. HP: 102/201 MP: 0/0
    35 | D        | Learned a level 7 spell: Spellforged Servitor
    35 | D        | Noticed a destroyer
    35 | D        | Killed a large bag of meat
    35 | D        | Noticed a destroyer
    36 | D        | Reached skill level 10 in Shields
    36 | D        | Reached skill level 10 in Evocations
    37 | D        | Reached skill level 10 in Short Blades
    37 | D        | Reached skill level 10 in Long Blades
    37 | D        | Reached skill level 10 in Staves
    37 | D        | Noticed a destroyer
    37 | D        | Killed a large bag of meat
    38 | D        | Reached skill level 10 in Maces & Flails
    38 | D        | Reached skill level 10 in Polearms
    38 | D        | Reached skill level 10 in Ranged Weapons
    38 | D        | Reached skill level 10 in Throwing
    38 | D        | Reached skill level 10 in Shapeshifting
    38 | D        | Reached XP level 24. HP: 101/208 MP: 0/0
    38 | D        | Noticed a destroyer
    38 | D        | Noticed a destroyer
    38 | D        | Noticed a large bag of meat
    39 | D        | Noticed a destroyer
    39 | D        | Killed a destroyer
    39 | D        | Killed a destroyer
    42 | D        | Reached skill level 15 in Shields
    42 | D        | Reached skill level 15 in Evocations
    42 | D        | Killed a destroyer
    43 | D        | Killed a destroyer
    43 | D        | Killed a destroyer
    44 | D        | Reached skill level 15 in Maces & Flails
    44 | D        | Reached skill level 15 in Polearms
    44 | D        | Reached skill level 15 in Ranged Weapons
    44 | D        | Reached skill level 15 in Throwing
    44 | D        | Reached skill level 15 in Shapeshifting
    44 | D        | Reached XP level 25. HP: 161/214 MP: 0/0
    44 | D        | Learned a level 8 spell: Borgnjor's Revivification
    44 | D        | Noticed a tyrant
    45 | D        | Noticed an accursed
    48 | D        | Killed a large bag of meat
    49 | D        | Noticed a tyrant
    49 | D        | Noticed a large bag of meat
    50 | D        | Killed a destroyer
    50 | D        | Killed a large bag of meat
    51 | D        | Killed a tyrant
    52 | D        | Killed a destroyer
    52 | D        | Killed an accursed
    52 | D        | Killed a tyrant
    52 | D        | Noticed an accursed
    53 | D        | Reached XP level 26. HP: 97/221 MP: 0/0
    54 | D        | Killed an accursed
    57 | D        | Reached XP level 27. HP: 184/228 MP: 0/0
    57 | D        | Learned a level 9 spell: Shatter
    60 | D        | Noticed a dread
    60 | D        | Killed a dread
    61 | D        | Noticed a tyrant
    63 | D        | Noticed a large bag of meat
    64 | D        | Killed a large bag of meat
    64 | D        | Killed a tyrant
    64 | D        | Noticed a destroyer
    65 | D        | Noticed a dread
    65 | D        | Killed a dread
    65 | D        | Killed a destroyer
    65 | D        | Noticed a meat beast
    66 | D        | Reached skill level 27 in Shields
    66 | D        | Reached skill level 27 in Evocations
    66 | D        | Killed a meat beast
    66 | D        | Noticed a meat beast
    67 | D        | Reached skill level 27 in Short Blades
    67 | D        | Reached skill level 27 in Long Blades
    67 | D        | Reached skill level 27 in Staves
    67 | D        | Noticed a dread
    67 | D        | Noticed a dread
    67 | D        | Killed a dread
    67 | D        | Killed a meat beast
    67 | D        | Killed a dread
    67 | D        | Noticed The Servant
    68 | D        | Reached skill level 27 in Maces & Flails
    68 | D        | Reached skill level 27 in Polearms
    68 | D        | Reached skill level 27 in Ranged Weapons
    68 | D        | Reached skill level 27 in Throwing
    68 | D        | Reached skill level 27 in Shapeshifting
    68 | D        | Killed The Servant
    69 | D        | Noticed a large bag of meat
    70 | D        | Killed a large bag of meat
    70 | D        | Noticed a dread
    71 | D        | Noticed a destroyer
    71 | D        | Noticed a destroyer
    72 | D        | Killed a destroyer
    72 | D        | Killed a destroyer
    72 | D        | Killed a dread
    72 | D        | Noticed an accursed
    74 | D        | Killed an accursed
    74 | D        | Noticed a dread
    75 | D        | Killed a dread
    76 | D        | Noticed a meat beast
    76 | D        | Killed a meat beast
    76 | D        | Noticed an accursed
    77 | D        | Killed an accursed
    77 | D        | Noticed an accursed
    78 | D        | Killed an accursed
    78 | D        | Noticed a tyrant
    79 | D        | Noticed a dread
    79 | D        | Noticed a destroyer
    79 | D        | Noticed a tyrant
    80 | D        | Killed a dread
    81 | D        | Killed a tyrant
    82 | D        | Noticed a meat beast
    82 | D        | Killed a meat beast
    82 | D        | Killed a tyrant
    83 | D        | Killed a destroyer
    91 | D        | Noticed a destroyer
    92 | D        | Noticed a meat beast
    93 | D        | Killed a destroyer
    93 | D        | Noticed a meat beast
    93 | D        | Noticed a tyrant
    94 | D        | Killed a tyrant
    94 | D        | Killed a meat beast
    94 | D        | Noticed a tyrant
    94 | D        | Noticed a destroyer
    95 | D        | Killed a tyrant
    95 | D        | Killed a meat beast
    95 | D        | Killed a destroyer
    95 | D        | Noticed a destroyer
    96 | D        | Killed a destroyer
    97 | D        | Noticed a tyrant
    98 | D        | Killed a tyrant
    98 | D        | Noticed a destroyer
    99 | D        | Killed a destroyer
    99 | D        | Noticed an accursed
    99 | D        | Noticed a meat beast
   100 | D        | Killed a meat beast
   100 | D        | Killed an accursed
   100 | D        | Noticed a tyrant
   101 | D        | Noticed a tyrant
   101 | D        | Killed a tyrant
   101 | D        | Killed a tyrant
   102 | D        | Noticed a tyrant
   103 | D        | Noticed a tyrant
   104 | D        | Killed a tyrant
   104 | D        | Killed a tyrant
   105 | D        | Noticed a dread
   105 | D        | Noticed a dread
   105 | D        | Noticed The Defiler
   106 | D        | Killed The Defiler
   106 | D        | Killed a dread
   107 | D        | Noticed a destroyer
   108 | D        | Killed a dread
   109 | D        | Noticed a tyrant
   111 | D        | Noticed a dread
   111 | D        | Killed a dread
   111 | D        | Noticed an accursed
   113 | D        | Killed a tyrant
   113 | D        | Killed a destroyer
   115 | D        | Noticed a dread
   115 | D        | Killed a dread
   115 | D        | Killed an accursed
   116 | D        | Noticed a destroyer
   116 | D        | Noticed a dread
   117 | D        | Killed a destroyer
   117 | D        | Killed a dread
   117 | D        | Noticed a dread
   118 | D        | Killed a dread
   119 | D        | Noticed a dread
   119 | D        | Noticed a destroyer
   119 | D        | Noticed a destroyer
   119 | D        | Noticed a dread
   125 | D        | Killed a dread
   125 | D        | Noticed a fleshlord
   127 | D        | Killed a fleshlord
   127 | D        | Noticed a fleshlord
   127 | D        | Noticed a large bag of meat
   127 | D        | Noticed a fleshlord
   128 | D        | Killed a destroyer
   128 | D        | Killed a fleshlord
   128 | D        | Noticed a tyrant
   129 | D        | Killed a fleshlord
   129 | D        | Killed a large bag of meat
   129 | D        | Noticed an accursed
   129 | D        | Noticed a tyrant
   129 | D        | Noticed a fleshlord
   130 | D        | Killed a tyrant
   130 | D        | Noticed a tyrant
   131 | D        | Noticed a tyrant
   132 | D        | Noticed a fleshlord
   132 | D        | Killed a tyrant
   133 | D        | Noticed a fleshlord
   133 | D        | Killed a fleshlord
   133 | D        | Killed an accursed
   133 | D        | Killed a fleshlord
   133 | D        | Noticed a meat beast
   133 | D        | Noticed a fleshlord
   134 | D        | Noticed a fleshlord
   135 | D        | Noticed a fleshlord
   135 | D        | Noticed a dread
   136 | D        | Noticed a destroyer
   136 | D        | Killed a fleshlord
   137 | D        | Killed a tyrant
   137 | D        | Killed a dread
   137 | D        | Killed a meat beast
   137 | D        | Noticed a destroyer
   137 | D        | Noticed a destroyer
   138 | D        | Killed a fleshlord
   138 | D        | Killed a destroyer
   138 | D        | Killed a destroyer
   139 | D        | Noticed a dread
   140 | D        | Killed a destroyer
   140 | D        | Noticed a fleshlord
   140 | D        | Noticed a dread
   140 | D        | Noticed a large bag of meat
   141 | D        | Noticed a destroyer
   141 | D        | Annihilated by a meat berserker

Illustrated notes

Levels and vault maps discovered:
D:        meatsprint

Skill      XL: |  1  2  3  4  5  6  7  8  9 10 11 12 13 14 15 16 17 18 19 20 21 22 23 24 25 26 27 |
---------------+----------------------------------------------------------------------------------+-----
Axes           | 14 17 20 23 24 27 | 27.0
Dodging        | 18 22 25 27 | 27.0
Spellcasting   | 8 11 14 18 20 24 27 | 27.0
Conjurations   | 8 11 14 18 20 24 27 | 27.0
Hexes          | 8 11 14 18 20 24 27 | 27.0
Summonings     | 8 11 14 18 20 24 27 | 27.0
Necromancy     | 8 11 14 18 20 24 27 | 27.0
Translocations | 8 11 14 18 20 24 27 | 27.0
Fire Magic     | 8 11 14 18 20 24 27 | 27.0
Ice Magic      | 8 11 14 18 20 24 27 | 27.0
Air Magic      | 8 11 14 18 20 24 27 | 27.0
Earth Magic    | 8 11 14 18 20 24 27 | 27.0
Alchemy        | 8 11 14 18 20 24 27 | 27.0
Fighting       | 15 20 25 27 | 27.0
Stealth        | 14 18 23 26 27 | 27.0
Invocations    | 15 20 24 27 | 27.0
Armour         | 25 27 | 27.0
Unarmed Combat | 25 27 | 27.0
Short Blades   | 8 11 16 20 21 27 | 27.0
Long Blades    | 8 11 16 20 21 27 | 27.0
Maces & Flails | 8 10 15 18 19 27 | 27.0
Polearms       | 8 10 15 18 19 27 | 27.0
Staves         | 8 11 16 20 21 27 | 27.0
Ranged Weapons | 8 10 15 18 19 27 | 27.0
Throwing       | 8 10 15 18 19 27 | 27.0
Shields        | 9 12 17 21 23 27 | 27.0
Evocations     | 9 12 17 21 23 27 | 27.0
Shapeshifting  | 8 10 15 18 19 27 | 27.0

Action                     |  1- 3 |  4- 6 |  7- 9 | 10-12 | 13-15 | 16-18 | 19-21 | 22-24 | 25-27 || total
---------------------------+-------+-------+-------+-------+-------+-------+-------+-------+-------++-------
  Melee: Executioner's axe |     1 |       |       |     1 |     5 |    14 |    16 |    12 |   202 ||   251
   Cast: Manifold Assault  |       |       |       |       |     1 |     3 |     3 |     1 |    56 ||    64
    Use: Scroll            |       |       |       |       |       |       |       |     1 |       ||     1
   Stab: Distracted        |       |       |       |       |       |       |       |     1 |       ||     1
 Armour: Leather armour    |       |       |       |     1 |       |       |     1 |     6 |    19 ||    27
  Dodge: Dodged            |       |       |       |       |       |       |       |       |     2 ||     2
